 Dungeon Crawl Stone Soup version 0.20-a0-1122-gb7cbeb9 (webtiles) character file.

24 wolfsongas the Chopper (level 2, -15/24 HPs)
             Began as a Demonspawn Fighter on May 15, 2017.
             Was a Follower of Okawaru.
             Demolished by Crazy Yiuf
             ... wielding a +3 quarterstaff of chaos
              (16 damage)
             ... on level 2 of the Dungeon.
             The game lasted 00:02:48 (1008 turns).

wolfsongas the Chopper (Demonspawn Fighter)         Turns: 1008, Time: 00:02:48

Health: -15/24     AC:  7    Str: 16    XL:     2   Next: 79%
Magic:  2/2        EV:  6    Int:  9    God:    Okawaru [*.....]
Gold:   30         SH:  8    Dex: 12    Spells: 1/1 levels left

rFire    . . .     SeeInvis .   a - +2 war axe
rCold    . . .     Gourm    .   c - +0 shield
rNeg     . . .     Faith    .   b - +0 scale mail
rPois    .         Spirit   .   (no helmet)
rElec    .         Reflect  .   (no cloak)
rCorr    .         Harm     .   (no gloves)
MR       .....                  e - +0 pair of boots
Stlth    ..........             (no amulet)
Regen    0.1/turn               (no ring)
MPRegen  0.1/turn               (no ring)

@: no status effects
A: spiny 1
a: Heroism, Renounce Religion


You were on level 2 of the Dungeon.
You worshipped Okawaru.
Okawaru was aware of your devotion.
You were hungry.

You visited 1 branch of the dungeon, and saw 2 of its levels.

You collected 30 gold pieces.

Inventory:

Hand Weapons
 a - a +2 war axe (weapon)
Armour
 b - a +0 scale mail (worn)
 c - a +0 shield (worn)
 e - a +0 pair of boots (worn)
 i - +0 steam dragon scales
Scrolls
 h - a scroll of remove curse
 j - a scroll of fear
Potions
 d - 2 potions of might
 l - a potion of flight
Comestibles
 f - a bread ration
 g - 2 chunks of flesh
 k - a meat ration


   Skills:
 - Level 3.0 Fighting
 * Level 3.1 Axes
 - Level 2.6 Armour
 - Level 2.6 Shields


You had one spell level left.
You didn't know any spells.

Dungeon Overview and Level Annotations

Branches:
Dungeon (2/15)

Altars:
Elyvilon
Okawaru

Annotations:
D:2 Crazy Yiuf


Innate Abilities, Weirdness & Mutations

You are partially covered in sharp spines.


Message History

You are feeling hungry.
You closely miss Crazy Yiuf. You block Crazy Yiuf's attack.
Crazy Yiuf is struck by your spines.
Crazy Yiuf hits you with a quarterstaff of chaos.
You closely miss Crazy Yiuf.
Crazy Yiuf is lightly wounded.
Crazy Yiuf hits you with a quarterstaff of chaos.
You hit Crazy Yiuf.
Crazy Yiuf is moderately wounded.
Crazy Yiuf is struck by your spines.
Crazy Yiuf hits you with a quarterstaff of chaos!
Crazy Yiuf freezes you.
* * * LOW HITPOINT WARNING * * *
You closely miss Crazy Yiuf.
Crazy Yiuf is heavily wounded.
Crazy Yiuf hits you with a quarterstaff of chaos.
* * * LOW HITPOINT WARNING * * *
Space warps horribly around you!
Ouch! That really hurt!
You die...

.≈≈# .#
##.#.####.####.##
..≈##.#
##....##.........#
.......
#.....##.#.####.##
.♣...# ############
#.# ....# #.## ..≈#.
#..# .≈≈# ####
######.# .######
#)..### ##..#.#.#
.#....#
#..g@.####.......#
#.#.#.#
#...##..#........#
##.##.## ####
###.#...###.#
####...####
#######.#.#
..........# #...#
####...#############
##.#.#
###.######.......#
#.##.#
#........##.....##
####.#
#.#.####.###...##
#.#


You could see Crazy Yiuf.

Vanquished Creatures
  2 dart slugs (D:1)
  A giant cockroach (D:2)
  2 goblins (D:1)
  2 hobgoblins
  5 jackals (D:2)
  A bat (D:1)
  2 kobolds
  4 rats
  A plant (D:2)
20 creatures vanquished.

Vanquished Creatures (others)
  A quokka (D:2)
1 creature vanquished.

Grand Total: 21 creatures vanquished

Notes
Turn   | Place    | Note
-------+----------+-------------------------------------------
     0 | D:1      | wolfsongas the Demonspawn Fighter began the quest for the Orb.
     0 | D:1      | Reached XP level 1. HP: 18/18 MP: 1/1
   200 | D:1      | Gained mutation: You are partially covered in sharp spines. [demonic ancestry]
   200 | D:1      | Reached XP level 2. HP: 18/24 MP: 2/2
   487 | D:2      | Found a faded altar of an unknown god.
   494 | D:2      | Became a worshipper of Warmaster Okawaru
   494 | D:2      | Reached * piety under Okawaru
   618 | D:2      | Found a white marble altar of Elyvilon.
   911 | D:2      | Found a runed door.
  1002 | D:2      | Noticed Crazy Yiuf
  1008 | D:2      | HP: 1/24 [Crazy Yiuf/quarterstaff of chaos (6)]
  1008 | D:2      | Demolished by Crazy Yiuf

Vault maps used:
D:1:      dpeg_arrival_shelter
D:2:      elyvilon_altar_4, chequers_ecumenical_altar_grove,
          serial_bayou_lagoon_b, uniq_crazy_yiuf_cottage

Skill      XL: |  1  2 |
---------------+-------+-----
Axes           | 2 3 |  3.1
Fighting       | |  3.0
Armour         | |  2.6
Shields        | |  2.6

Action                   || total
-------------------------++-------
Melee: War axe           ||    75
  Use: Scroll            ||     6
       Potion            ||     5
Armor: Scale mail        ||    19
Dodge: Dodged            ||     7
Block: Shield            ||    34
